 Dungeon Crawl Stone Soup version 0.31-a0-479-g91c9547826 (webtiles) character file.

Game seed: 3775126700926612854

133 Ethylacetat the Chopper (level 5, -5/28 HPs)
             Began as a Vine Stalker Monk on Aug 7, 2023.
             Killed by divine providence
             ... invoked by an orc priest
              (12 damage)
             ... on level 3 of the Dungeon.
             The game lasted 00:03:48 (1843 turns).

Ethylacetat the Chopper (Vine Stalker Monk)         Turns: 1843, Time: 00:03:49

Health: -5/28      AC: 10    Str: 15    XL:     5   Next: 16%
Magic:  0/7        EV:  5    Int: 10    God:
Gold:   75         SH:  0    Dex: 17    Spells: 6/6 levels left

rFire   . . .        i - +2 short sword (elec)
rCold   . . .        d - orb {light}
rNeg    . . .        j - +0 plate armour
rPois   .            (no helmet)
rElec   .            (no cloak)
rCorr   .            (no gloves)
SInv    .            (no boots)
Will    .....        (no amulet) Stlth
                     (no ring)
HPRegen 1.04/turn    (no ring)
MPRegen 0.10/turn

%: guardian spirit
@: glowing
A: fangs 2, regeneration 1, magic shield, antimagic bite, no potion heal 2
a: no special abilities


You were on level 3 of the Dungeon.
You visited 1 branch of the dungeon, and saw 3 of its levels.

You collected 75 gold pieces.

Inventory:

Hand Weapons
 i - a +2 short sword of electrocution (weapon)
Armour
 d - an orb of light (worn)
 j - a +0 plate armour (worn)
Scrolls
 a - 2 scrolls of teleportation {unknown}
 f - 2 scrolls of amnesia {unknown}
 g - a scroll of revelation {unknown}
 h - a scroll of blinking {unknown}
 k - 2 scrolls of identify {unknown}
 m - 2 scrolls of vulnerability {unknown}
Potions
 c - a potion of ambrosia
 e - a potion of enlightenment {unknown}
 l - a potion of attraction {unknown}


   Skills:
 + Level 3.6 Fighting
 * Level 3.8 Axes
 - Level 3.0 Dodging
 + Level 1.1 Spellcasting


You had 6 spell levels left.
You didn't know any spells.
Your spell library contained the following spells:

 Spells                   Type           Power      Damage    Failure   Level
 Ensorcelled Hibernation  Hex/Ice        0%         N/A       100%        2
 Passwall                 Tmut/Erth      0%         N/A       100%        2
 Swiftness                Air            0%         N/A       100%        3


Dungeon Overview and Level Annotations

Branches:
Dungeon (3/15)

Altars:

Portals:
Sewer: D:3


Innate Abilities, Weirdness & Mutations

You have extremely sharp teeth.
Your natural rate of healing is unusually fast.
When hurt, damage is shared between your health and your magic reserves.
Your bite disrupts and absorbs the magic of your enemies.
Potions cannot restore your health.


Message History

The orc hits you but does no damage.
You hit the orc priest but do no damage.
The orc priest is severely wounded.
The orc priest calls upon Beogh to heal the orc priest.
The orc priest is healed somewhat.
The rat barely misses you.
The orc priest hits you but does no damage.
The orc barely misses you.
You barely miss the orc priest.
The orc priest is moderately wounded.
The rat bites you but does no damage.
The orc priest hits you but does no damage. x2
The orc hits you but does no damage.
Unknown command.
You barely miss the orc priest. You bite the orc priest. You drain its power.
You feel invigorated.
The orc priest is heavily wounded.
The rat bites you but does no damage.
The orc priest hits you but does no damage.
The orc priest hits you with a +0 hand axe.
The orc hits you with a +0 hand axe.
You hit the orc priest.
The orc priest is almost dead.
The orc priest hits you but does no damage.
The rat bites you.
The orc priest mumbles some strange prayers to Beogh against you.
Pain shoots through your body!
* * * LOW HITPOINT WARNING * * *
The orc hits you but does no damage.
You hit the orc priest but do no damage.
Lightning courses through the orc priest!
You kill the orc priest!
The rat bites you but does no damage. The orc priest barely misses you.
The orc hits you but does no damage.
Your Spellcasting skill increases to level 1!
You have reached level 5!
You barely miss the orc priest.
You bite the orc priest, but do no damage.
The orc priest mumbles some strange prayers to Beogh against you.
Beogh smites you!
You die...

#.##.#
...####.######.#
#....#
#......######...
####.#
...###.............
#.# ##.######.# ##
#.# #)# # #.#
#####.######>#
#.###>#............#
#..<....###.....####
#.###.### #.@o....#
#.. ##...roKw.....
### #.##......... #
##..#..~#. ...~~~~~.
.#~~~~~~~ . ~~~~~~~
.. ~~~∩~~~


You could see a worm, an orc priest, an orc, a kobold and a rat.

Vanquished Creatures
  An orc priest (D:3)
  4 adders
  5 worms
  2 dart slugs (D:2)
  3 orcs (D:3)
  2 bats
  An endoplasm (D:3)
  3 giant cockroaches
  2 goblins
  5 hobgoblins
  7 kobolds
  A quokka (D:1)
  7 ball pythons
  4 frilled lizards
  7 rats
54 creatures vanquished.

Notes
Turn   | Place    | Note
-------+----------+-------------------------------------------
     0 | D:1      | Ethylacetat the Vine Stalker Monk began the quest for the
                  | Orb.
     0 | D:1      | Reached XP level 1. HP: 11/11 MP: 2/2
   217 | D:1      | Reached XP level 2. HP: 14/16 MP: 3/3
  1072 | D:2      | Reached XP level 3. HP: 8/20 MP: 1/4
  1273 | D:2      | Gained mutation: Your natural rate of healing is unusually
                  | fast. [Vine Stalker growth]
  1273 | D:2      | Reached XP level 4. HP: 24/24 MP: 3/5
  1714 | D:3      | Found a faded altar of an unknown god.
  1830 | D:3      | Found a glowing drain.
  1843 | D:3      | Reached skill level 1 in Spellcasting
  1843 | D:3      | Reached XP level 5. HP: 6/28 MP: 2/7
  1843 | D:3      | Killed from afar by an orc priest

Illustrated notes

Levels and vault maps discovered:
D:1:      matt_arrival_los_fun, layout_basic, minmay_misc_feat_encased,
          minmay_misc_feat_iff, minmay_tetromino_t4
D:2:      layout_basic, st_stairs_1
D:3:      layout_loops_ring, mainiacjoe_overflow_small_starburst,
          mainiacjoe_overflow_catch_the_wave, cheibrodos_sewer_entry_drain,
          nicolae_ecumenical_oubliette

Skill      XL: |  1  2  3  4 |
---------------+-------------+-----
Fighting       | 3 |  3.6
Axes           | 3 |  3.8
Dodging        | 3 |  3.0
Spellcasting   | 1 |  1.1

Action                     |  1- 3 |  4- 6 || total
---------------------------+-------+-------++-------
  Melee: Hand axe          |    16 |       ||    16
         Bite              |    17 |    18 ||    35
         Short sword       |    47 |    53 ||   100
 Armour: Robe              |     3 |       ||     3
         Plate armour      |    39 |    47 ||    86
  Dodge: Dodged            |    14 |    11 ||    25

Table legend: (Time is in decaauts)
 A = Elapsed time spent in this place.
 B = Non-inter-level travel time spent in this place.
 C = Inter-level travel time spent in this place.
 D = Time resting spent in this place.
 E = Time spent auto-exploring this place.
 F = Levels seen in this place.
 G = Mean time per level.
                   A        B        C        D        E       F      G
               +--------+--------+--------+--------+--------+-----+--------+
         Total |   1844 |   1702 |    142 |      0 |   1401 |   3 |  614.7 |
       Dungeon |   1844 |   1702 |    142 |      0 |   1401 |   3 |  614.7 |
               +--------+--------+--------+--------+--------+-----+--------+

Top non-repeatable levels by time:
     D:1: 1058 daAuts
     D:2: 687 daAuts
     D:3: 99 daAuts
